 Dungeon Crawl Stone Soup version 0.21-a0-516-gaaff437 (webtiles) character file.

7814 Gerstahl the Fighter (level 11, 0/93 HPs)
             Began as a Demonspawn Gladiator on Dec 4, 2017.
             Was a Believer of Ashenzari.
             Killed by divine providence
             ... invoked by an orc priest
              (12 damage)
             ... on level 10 of the Dungeon.
             The game lasted 00:17:07 (10866 turns).

Gerstahl the Fighter (Demonspawn Gladiator)        Turns: 10866, Time: 00:17:07

Health: 0/93       AC: 10    Str: 15    XL:     11   Next: 1%
Magic:  0/18       EV: 10    Int: 10    God:    Ashenzari [**....]
Gold:   389        SH:  0    Dex: 17    Spells: 10/10 levels left

rFire    + . .     SeeInvis .   a - +1 quarterstaff
rCold    + . .     Gourm    .   (shield currently unavailable)
rNeg     + . .     Faith    .   x - +1 scale mail {rC+}
rPois    .         Spirit   +   c - +0 helmet
rElec    .         Reflect  .   (no cloak)
rCorr    .         Harm     .   r - +0 pair of gloves
MR       +....                  (no boots)
Stlth    ..........             (no amulet)
HPRegen  0.25/turn              u - ring of positive energy
MPRegen  0.16/turn              F - ring of protection from magic

@: no status effects
A: hooves 2, rugged brown scales 1, fire resistance 1, spiny 2, magic shield,
flame cloud immunity
a: Curse Item, Scrying, Renounce Religion


You were on level 10 of the Dungeon.
You worshipped Ashenzari.
Ashenzari was pleased with you.
You were very hungry.

You visited 2 branches of the dungeon, and saw 11 of its levels.

You collected 501 gold pieces.
You spent 112 gold pieces at shops.

Inventory:

Hand Weapons
 a - a +1 quarterstaff (weapon)
Missiles
 d - a throwing net (quivered)
Armour
 b - a +0 leather armour
 c - a +0 helmet (worn)
 i - a +0 pair of boots
 r - a +0 pair of gloves (worn)
 x - a +1 scale mail of cold resistance (worn)
Jewellery
 m - an uncursed ring of wizardry
 u - a ring of positive energy (left hand)
 z - an uncursed amulet of harm
 C - an uncursed ring of resist corrosion
 F - a ring of protection from magic (right hand)
Wands
 p - a wand of flame (59)
 q - a wand of iceblast (10)
 y - a wand of scattershot (5)
 B - a wand of enslavement (15)
 I - a wand of digging (11)
 M - a wand of random effects (24)
Scrolls
 e - 11 scrolls of identify
 h - 10 scrolls of remove curse
 n - 2 scrolls of random uselessness
 o - 2 scrolls of immolation
 s - a scroll of enchant weapon
 t - 3 scrolls of magic mapping
 J - a scroll of enchant armour
 K - a scroll of amnesia {unknown}
 N - a scroll of blinking {unknown}
 R - a scroll of noise {unknown}
Potions
 g - a potion of magic
 k - 3 potions of cancellation
 l - a potion of flight
 v - a potion of ambrosia
 w - a potion of haste
 A - a potion of agility
 E - 2 potions of degeneration {unknown}
 H - a potion of mutation
 O - a potion of curing
 P - a potion of berserk rage {unknown}
Books
 G - a book of Necromancy

   Spells                             Type                      Level
   a - Pain                           Necromancy                   1
   b - Animate Skeleton               Necromancy                   1
   c - Vampiric Draining              Necromancy                   3
   d - Regeneration                   Charms/Necromancy            3
   e - Animate Dead                   Necromancy                   4
   f - Control Undead                 Necromancy                   4
 S - a book of Callings

   Spells                             Type                      Level
   a - Summon Small Mammal            Summoning                    1
   b - Call Imp                       Summoning                    2
   c - Call Canine Familiar           Summoning                    3
   d - Summon Guardian Golem          Hexes/Summoning              3
   e - Summon Lightning Spire         Summoning/Air                4
   f - Summon Ice Beast               Ice/Summoning                4
Comestibles
 f - 4 bread rations
 j - 7 meat rations
 D - 18 fruits
 Q - a royal jelly


   Skills:
 + Level 10.2 Fighting
 + Level 9.6 Staves
 - Level 1.7 Throwing
 - Level 2.6 Dodging
 + Level 9.4 Evocations


You had 10 spell levels left.
You didn't know any spells.

Dungeon Overview and Level Annotations

Branches:
Dungeon (10/15)            Temple (1/1) D:4
   Lair: D:8-11         Orc: D:9-12

Altars:
Ashenzari
Cheibriados
Dithmenos
Elyvilon
Fedhas
Gozag
Hepliaklqana
Kikubaaqudgha
Makhleb
Nemelex Xobeh
Okawaru
Qazlal
Ru
Sif Muna
Trog
Uskayaw
Vehumet
Wu Jian
Xom
Yredelemnul
Zin
The Shining One

Shops:
D:4 (   D:7 !


Innate Abilities, Weirdness & Mutations

You have hoof-like feet.
You are partially covered in rugged brown scales. (AC +1, +3% HP)
Your flesh is heat resistant. (rF+)
You are mostly covered in sharp spines.
When hurt, damage is shared between your health and your magic reserves.
You are immune to clouds of flame.


Message History

The orc wizard mumbles some strange words.
The orc wizard blinks!
You feel better.
The orc wizard gestures at you while chanting.
The magic dart hits you!
* * * LOW HITPOINT WARNING * * *
The orc warrior is struck by your spines.
The orc warrior closely misses you.
The orc wizard gestures wildly while chanting.
The orc wizard blinks!
You are feeling very hungry.
The orc wizard gestures wildly while chanting.
The orc wizard blinks!
The orc priest invokes the aid of Beogh against you.
Beogh smites you!
* * * LOW HITPOINT WARNING * * *
The orc priest looks satisfied for a moment.
The orc priest invokes the aid of Beogh against you.
Beogh smites you!
You die...

###*#### ### #.. ..#
##.## #.# *#.# ,
#.#.## #.# ##.##### ,
* .###.## ### #.#
#......# *, ##
##.#####.###.#
#..###.# * #
##....o..##.###..# #.#
#. ##
##.##.#o...#......#
#.# , #.
†###.##.###...o.@...##
#.# #.
#.#o####.#..#########
#.# .. ##.## ##.#.#
#.# * #. #.# ###.#
##.## #. ##.## #+#*
#...# #. #...## * > *
#...# #. .....#
###...# #. .....#**, ,
* ##.#...# #. <...o#*
, , *###...#.#######.


You could see an orc warrior, an orc priest and an orc wizard.

Vanquished Creatures
  3 two-headed ogres
  A hippogriff (D:8)
  6 yaks (D:10)
  Eustachio (D:5)
  The ghost of Laiders the Insei, an amateur MfTm (D:4)
  2 water moccasins
  4 orc warriors
  2 ice beasts (D:8)
  A sky beast (D:7)
  2 phantoms
  3 ogres
  3 centaurs
  4 bullfrogs
  4 big kobolds
  A scorpion (D:8)
  8 wights
  4 howler monkeys
  6 crimson imps
  5 bullfrog zombies
  A gnoll shaman (D:9)
  5 orc priests
  A centaur skeleton (D:4)
  4 hounds
  2 jellies
  7 orc wizards
  2 bullfrog skeletons (D:8)
  Jessica (D:2)
  Terence (D:3)
  5 iguanas
  9 worker ants
  3 hound skeletons
  A howler monkey zombie (D:5)
  A worker ant zombie (D:9)
  11 adders
  21 gnolls
  2 shadow imps
  5 worms
  3 dart slugs (D:1)
  5 leopard geckos
  53 orcs
  A ball python (D:3)
  10 bats
  4 giant cockroaches
  18 goblins
  11 hobgoblins
  14 jackals
  28 kobolds
  6 quokkas
  5 frilled lizards
  A jackal zombie (D:5)
  A leopard gecko zombie (D:7)
  4 rats
307 creatures vanquished.

Notes
Turn   | Place    | Note
-------+----------+-------------------------------------------
     0 | D:1      | Gerstahl the Demonspawn Gladiator began the quest for the Orb.
     0 | D:1      | Reached XP level 1. HP: 16/16 MP: 1/1
    62 | D:1      | Gained mutation: You are partially covered in sharp spines. [demonic ancestry]
    62 | D:1      | Reached XP level 2. HP: 19/23 MP: 2/2
   652 | D:1      | Gained mutation: You have large cloven feet. [demonic ancestry]
   652 | D:1      | Reached XP level 3. HP: 25/28 MP: 3/3
  1054 | D:2      | Reached skill level 3 in Fighting
  1436 | D:2      | Found a sparkling altar of Nemelex Xobeh.
  1437 | D:2      | Reached XP level 4. HP: 35/35 MP: 4/4
  1622 | D:2      | Found a stormy altar of Qazlal.
  1623 | D:2      | Noticed Jessica
  1624 | D:2      | Killed Jessica
  1956 | D:3      | Found a basalt altar of Yredelemnul.
  1960 | D:3      | Found a shimmering altar of Xom.
  1961 | D:3      | Found a burning altar of Makhleb.
  1962 | D:3      | Found an opulent altar of Gozag.
  1962 | D:3      | Found a hazy altar of Hepliaklqana.
  2147 | D:3      | Found a sacrificial altar of Ru.
  2147 | D:3      | Found a shattered altar of Ashenzari.
  2148 | D:3      | Found a snail-covered altar of Cheibriados.
  2254 | D:3      | Became a worshipper of Ashenzari the Shackled
  2273 | D:3      | Gained mutation: You are mostly covered in sharp spines. [demonic ancestry]
  2273 | D:3      | Reached XP level 5. HP: 40/42 MP: 5/5
  2279 | D:3      | Noticed Terence
  2290 | D:3      | Killed Terence
  2290 | D:3      | Reached skill level 4 in Fighting
  2956 | D:4      | Found Fyvem's Weapon Boutique.
  2961 | D:4      | Noticed an ogre
  2971 | D:4      | Killed an ogre
  2971 | D:4      | Reached skill level 1 in Evocations
  3006 | D:4      | Reached XP level 6. HP: 39/49 MP: 7/7
  3096 | D:4      | Found a staircase to the Ecumenical Temple.
  3145 | Temple   | Entered the Ecumenical Temple
  3367 | D:4      | Noticed Laiders's ghost (amateur MfTm)
  3375 | D:4      | Killed Laiders's ghost
  3375 | D:4      | Reached skill level 5 in Fighting
  3375 | D:4      | Reached skill level 5 in Staves
  3443 | D:4      | Gained mutation: When hurt, damage is shared between your health and your magic reserves. [demonic ancestry]
  3443 | D:4      | Reached XP level 7. HP: 56/56 MP: 9/9
  3676 | D:5      | Entered Level 5 of the Dungeon
  3738 | D:5      | Reached skill level 6 in Fighting
  3738 | D:5      | Gained mutation: Your flesh is heat resistant. (rF+) [demonic ancestry]
  3738 | D:5      | Reached XP level 8. HP: 31/64 MP: 6/11
  4330 | D:5      | Noticed Eustachio
  4339 | D:5      | Killed Eustachio
  4339 | D:5      | Reached skill level 5 in Evocations
  4349 | D:5      | Reached * piety under Ashenzari
  5023 | D:6      | Reached skill level 7 in Fighting
  6048 | D:7      | Found Utiamaho's Distillery.
  6051 | D:7      | Bought a potion of mutation for 112 gold pieces
  6162 | D:7      | Gained mutation: You are immune to clouds of flame. [demonic ancestry]
  6162 | D:7      | Reached XP level 9. HP: 65/72 MP: 11/13
  6425 | D:7      | Found a white marble altar of Elyvilon.
  6425 | D:7      | Found a hide-covered altar of Uskayaw.
  7287 | D:8      | Reached skill level 8 in Fighting
  7424 | D:8      | Found a deep blue altar of Sif Muna.
  7553 | D:8      | Noticed a two-headed ogre
  7566 | D:8      | Killed a two-headed ogre
  7857 | D:8      | Gained mutation: You are partially covered in rugged brown scales. (AC +1, +3% HP) [demonic ancestry]
  7857 | D:8      | Reached XP level 10. HP: 58/84 MP: 10/15
  8133 | D:8      | Reached skill level 9 in Fighting
  8559 | D:9      | Reached ** piety under Ashenzari
  9261 | D:9      | Noticed a two-headed ogre
  9271 | D:9      | Killed a two-headed ogre
  9572 | D:9      | Noticed a two-headed ogre
  9579 | D:9      | Killed a two-headed ogre
 10064 | D:10     | Entered Level 10 of the Dungeon
 10321 | D:10     | Reached skill level 10 in Fighting
 10435 | D:10     | HP: 3/87 [yak (4)]
 10441 | D:10     | Gained mutation: You have hoof-like feet. [demonic ancestry]
 10441 | D:10     | Reached XP level 11. HP: 12/93 MP: 1/18
 10866 | D:10     | Killed from afar by an orc priest

Vault maps used:
D:1:      minmay_arrival_three_doors, serial_co_window_serial,
          co_window_corner_a, co_window_of_opportunity_a, co_window_corner_a,
          co_window_corner_a, co_window_of_opportunity_a, co_window_cross_1,
          co_window_corner_a, co_window_cross_4, co_window_cross_4,
          co_window_broadway_a, minivault_25, serial_bayou_lagoon_a
D:2:      overflow_temple_1_default, nemelex_xobeh_ov_fountains_minmay,
          uniq_jessica
D:3:      grunt_temple_overflow_open, uniq_terence
D:4:      minmay_temple_entry_trees, serial_shops, shop, st_stairs_6,
          serial_park_tiny_2
D:5:      first_bread, uniq_eustachio
D:6:      corexii_shantytown, kennysheep_opposing_triangles
D:7:      gammafunk_temple_overflow_pools, serial_shops, shop
D:8:      kennysheep_little_box, blue_anna_alchemist
D:9:      kennysheep_small_spiral
D:10:     serial_shops, kennysheep_mini_moat
Temple:   dpeg_three_leaves_temple

Skill      XL: |  1  2  3  4  5  6  7  8  9 10 |
---------------+-------------------------------+-----
Staves         | 3 4 5 7 8 9 |  9.6
Fighting       | 3 4 5 6 7 8 10 | 10.2
Evocations     | 1 2 4 5 7 9 |  9.4
Throwing       | |  1.7
Dodging        | |  2.6

Action                   |  1- 3 |  4- 6 |  7- 9 | 10-12 || total
-------------------------+-------+-------+-------+-------++-------
Melee: Quarterstaff      |    75 |   125 |   336 |   225 ||   761
       Kick              |     5 |    35 |   112 |    92 ||   244
Throw: Throwing net      |       |       |     2 |     1 ||     3
  Use: Potion            |       |       |    12 |     6 ||    18
       Scroll            |       |       |     6 |       ||     6
 Stab: Held in net/web   |       |       |     1 |     1 ||     2
  Eat: Chunk             |       |     6 |    11 |     3 ||    20
       Royal jelly       |       |     1 |     1 |       ||     2
       Fruit             |       |       |     2 |     6 ||     8
Armor: Leather armour    |    28 |    13 |       |       ||    41
       Scale mail        |       |    28 |   128 |    66 ||   222
Dodge: Dodged            |    83 |    57 |   159 |    77 ||   376

Table legend:
 A = Spawn XP
 B = Non-spawn XP
 C = Spawn XP percentage of total XP
 D = Spawn monster count
 E = Non-spawn monster count
 F = Spawn count percentage of total count
 G = Total turns spent on level
                    A         B        C        D         E        F      G
               +---------+---------+-------+---------+---------+-------+---------
         Total |       0 |   11163 |   0.0 |       0 |     307 |   0.0 | 10866
               +---------+---------+-------+---------+---------+-------+---------
           D:1 |       0 |      52 |   0.0 |       0 |      27 |   0.0 |  1052
           D:2 |       0 |     120 |   0.0 |       0 |      18 |   0.0 |   883
           D:3 |       0 |      67 |   0.0 |       0 |      15 |   0.0 |  1021
           D:4 |       0 |     756 |   0.0 |       0 |      38 |   0.0 |   636
           D:5 |       0 |    1078 |   0.0 |       0 |      26 |   0.0 |   957
           D:6 |       0 |     624 |   0.0 |       0 |      51 |   0.0 |  1403
           D:7 |       0 |    1032 |   0.0 |       0 |      37 |   0.0 |  1201
           D:8 |       0 |    2506 |   0.0 |       0 |      36 |   0.0 |  1603
           D:9 |       0 |    2914 |   0.0 |       0 |      34 |   0.0 |  1224
          D:10 |       0 |    2014 |   0.0 |       0 |      25 |   0.0 |   802
               +---------+---------+-------+---------+---------+-------+---------
